AoeStats
← tony le gros rou

Black Forest

508276645Analyzed
4v4 RM · 9d ago on Sep 21, 2026· 27m 55s· 8 players
Game mode
Random Map
Map size
Large (8 player)
Population
200
Speed
Normal
Resources
Standard
Victory
Conquest
Starting age
Dark Age
Ending age
Imperial Age
RankedLock teamsTeams togetherTeam positionsShared explorationLock speedFull tech treeHidden civsTurbo modeCheats
Victory
Defeat
🇩🇪 Ethiopians · Germany
1539
+15
🇫🇷 Khmer · France
1520
+16
🇫🇷 Britons · France
1518
+16
🇫🇷 Saracens · France
1414
+21
🇨🇳 Bohemians · China
1542
-18
🇩🇪 Britons · Germany
1538
-18
🇧🇷 Khmer · Brazil
1514
-17
🇧🇪 Georgians · Belgium
1477
-15
BruToO
7:46 Loom
11:40 Feudal Age
14:23 Castle Age
13:08 Double-Bit Axe
13:04 Horse Collar
15:43 Bow Saw
19:20 Wheelbarrow
18:31 Town Watch
22:41 Husbandry
24:19 Bloodlines
26:02 Scale Barding Armor
Matzeking
10:13 Feudal Age
13:08 Fletching
14:33 Loom
Griffin
7:51 Loom
11:58 Feudal Age
13:22 Double-Bit Axe
16:06 Castle Age
14:56 Gold Mining
14:57 Horse Collar
17:17 Scale Barding Armor
18:04 Bloodlines
19:01 Chain Barding Armor
21:54 Forging
超级硬邦邦
0:46 Loom
10:30 Feudal Age
11:16 Double-Bit Axe
14:06 Fletching
15:47 Horse Collar
16:52 Wheelbarrow
20:55 Castle Age
19:11 Town Watch
tony le gros rou
6:47 Loom
10:53 Feudal Age
15:21 Castle Age
15:44 Scale Barding Armor
15:50 Forging
22:58 Horse Collar
27:43 Double-Bit Axe
ccereal
8:16 Feudal Age
8:53 Double-Bit Axe
12:09 Fletching
17:21 Loom
20:42 Castle Age
19:02 Padded Archer Armor
18:44 Horse Collar
19:35 Gold Mining
20:46 Crossbowman
21:26 Bodkin Arrow
24:45 Bow Saw
25:42 Wheelbarrow
Flybidi
12:20 Feudal Age
15:18 Castle Age
13:28 Double-Bit Axe
13:23 Horse Collar
13:35 Gold Mining
13:38 Stone Mining
13:39 Gold Mining
16:45 Bow Saw
18:12 Wheelbarrow
17:22 Loom
29:54 Imperial Age
p0n0n0
2:28 Loom
9:25 Feudal Age
10:06 Double-Bit Axe
12:20 Fletching
15:38 Wheelbarrow
17:27 Padded Archer Armor
19:44 Horse Collar
24:41 Castle Age
25:01 Crossbowman
25:39 Bodkin Arrow
26:38 Crossbowman
Connection lost

Rejoining the realm…

Still unreachable

The connection could not be restored.

Session expired

The server has moved on; the page needs a fresh start.